 Dungeon Crawl Stone Soup version 0.31-a0-1338-gb567cfdca4 (webtiles) character file.

Game seed: 7844473616838109048

10534 grandjackal the Fighter (level 11, -21/128 HPs)
             Began as an Oni Gladiator on Dec 21, 2023.
             Was an Elder of Trog.
             Demolished by a two-headed ogre
             ... wielding a +0 giant club
              (26 damage)
             ... on level 11 of the Dungeon.
             The game lasted 00:15:27 (11909 turns).

grandjackal the Fighter (Oni Gladiator)            Turns: 11909, Time: 00:15:28

Health: -21/128    AC:  5    Str: 24    XL:     11   Next: 63%
Magic:  11/11      EV: 10    Int:  9    God:    Trog [****..]
Gold:   777        SH:  0    Dex: 10    Spells: 10/10 levels left

rFire   . . .        G - +1 flail (heavy)
rCold   + . .        (no shield)
rNeg    . . .        H - +2 robe {rC+}
rPois   .            c - +0 hat
rElec   .            E - scarf {repulsion}
rCorr   .            (gloves unavailable)
SInv    .            (boots unavailable)
Will    +....        f - amulet of the acrobat
Stlth   +            r - +4 ring of slaying
HPRegen 0.41/turn    N - +4 ring of slaying
MPRegen 0.12/turn

%: repel missiles, acrobat
@: on berserk cooldown, slowed, studying Staves, very slow
A: drunken brawling, large, unfitting armour, horns 1, tough skin 1, double
potion healing
a: Renounce Religion, Berserk, Trog's Hand, Brothers in Arms


You were on level 11 of the Dungeon.
You worshipped Trog.
Trog was greatly pleased with you.
You visited 1 branch of the dungeon, and saw 11 of its levels.
You also visited: Ossuary and Bailey.

You collected 777 gold pieces.

Inventory:

Hand Weapons
 t - a +0 morningstar
 F - a +0 flail of protection
 G - a +1 heavy flail (weapon)
 M - a +0 giant spiked club
Missiles
 d - 2 throwing nets (quivered)
 e - 5 large rocks
 o - 7 javelins
 q - 11 boomerangs
Armour
 c - a +0 hat (worn)
 E - a scarf of repulsion (worn)
 H - a +2 robe of cold resistance (worn)
Jewellery
 f - an amulet of the acrobat (around neck)
 r - a +4 ring of slaying (left hand)
 N - a +4 ring of slaying (right hand)
 O - a ring of protection from fire
Wands
 a - a wand of iceblast (7)
 u - a wand of charming (20)
 v - a wand of mindburst (10)
 K - a wand of polymorph (7)
 P - a wand of quicksilver (5)
Scrolls
 b - a scroll of torment {unknown}
 g - 4 scrolls of teleportation {unknown}
 j - 3 scrolls of blinking
 k - a scroll of enchant armour {unknown}
 l - 2 scrolls of fear {unknown}
 p - 4 scrolls of poison {unknown}
 s - a scroll of fog {unknown}
 w - 2 scrolls of enchant weapon {unknown}
 y - 2 scrolls of revelation {unknown}
 C - 2 scrolls of vulnerability {unknown}
 I - a scroll of summoning {unknown}
 J - a scroll of noise {unknown}
 L - a scroll of immolation {unknown}
Potions
 h - 4 potions of heal wounds
 i - 4 potions of curing
 n - 2 potions of enlightenment
 x - a potion of haste
 z - 2 potions of magic
 B - 2 potions of might
 D - 2 potions of lignification {unknown}


   Skills:
 + Level 13.8 Fighting
 + Level 10.9 Maces & Flails
 + Level 10.6 Throwing
 - Level 3.0 Dodging


You had 10 spell levels left.
You didn't know any spells.
Your spell library was empty.

Dungeon Overview and Level Annotations

Branches:
Dungeon (11/15)            Temple (0/1) D:7             Orc (0/2) D:11
Ossuary (visited)          Bailey (visited)
   Lair: D:8-11

Altars:
Dithmenos
Makhleb
Ru
Sif Muna
Trog
Uskayaw
Wu Jian
Xom
The Shining One

Shops:
D:10 :

Annotations:
D:3 1 runed translucent door, Crazy Yiuf


Innate Abilities, Weirdness & Mutations

Whenever you drink a potion that restores your health or magic, you attack all enemies around you.
You are too large for most types of armour.
You have a pair of small horns on your head.
You have tough skin. (AC +1)
Whenever you drink a potion that restores your health or magic, it restores twice as much.


Message History

Trog accepts your kill.
You are no longer berserk.
You are exhausted.
You feel yourself slow down.
You feel sick.
You feel sick.
The killer bee completely misses you. x2
The killer bee barely misses you.
Things that are here:
a killer bee corpse; a killer bee corpse You bludgeon the killer bee!!
You kill the killer bee!
Trog accepts your kill.
You feel sick.
A two-headed ogre comes into view. It is wielding two +0 giant clubs.
You feel sick. The two-headed ogre closely misses you.
The two-headed ogre hits you with a +0 giant club!!
* * * LOW HITPOINT WARNING * * *
Throw: 3 throwing nets
Press: ? - help, Q - select action, (/) - cycle Shift-Dir - straight line, f - two-headed ogre
Aim: a two-headed ogre, wielding two +0 giant clubs (82% to hit)
You throw a throwing net.
The throwing net hits the two-headed ogre.
The two-headed ogre is caught in the net!
You feel sick.
You are no longer poisoned.
You hit the two-headed ogre.
The two-headed ogre is lightly wounded.
The two-headed ogre struggles against the net. x2
You catch the helpless two-headed ogre completely off-guard!
You sock the two-headed ogre!
The two-headed ogre is moderately wounded.
The two-headed ogre struggles against the net. x2
The net rips apart, and the two-headed ogre comes free!
You sock the two-headed ogre! You headbutt the two-headed ogre.
The two-headed ogre is severely wounded.
The two-headed ogre hits you with a +0 giant club!
* * * LOW HITPOINT WARNING * * *
The two-headed ogre hits you with a +0 giant club!!
* * * LOW HITPOINT WARNING * * *
The two-headed ogre hits you with a +0 giant club!!
You die...

.....P.......
....P......P#
.......P.... ###+
......P.... ##...
.......P..# #....
..P.......# #....
....^..<#$#
#.####....
#.#O..###
#.........
#.#@#...#
#####...#8
#.#†#.#.##
#......##
#)#.#.#..###.###..#
#÷#+#+##'##..# #..#
#.).........## #..#
#.)........># ####
##..........#
+..........#
#..........#


You could see a two-headed ogre.

Vanquished Creatures
  Erolcha (D:9)
  A two-headed ogre (D:9)
  An orc knight (Bailey)
  A deep elf pyromancer (Bailey)
  A cyclops (D:11)
  A manticore (D:11)
  A hornet (D:9)
  Sigmund (D:5)
  A wyvern (D:11)
  2 wraiths
  A steam dragon (D:8)
  4 vampire mosquitoes
  Edmund (D:5)
  An acid dragon (D:10)
  Duvessa (D:6)
  2 water moccasins
  A sky beast (D:7)
  9 orc warriors
  7 black bears
  An ogre (D:7)
  A wolf (D:11)
  10 centaurs
  A phantom (D:6)
  A kobold brigand (D:10)
  5 scorpions
  2 bullfrogs
  A gnoll sergeant (D:7)
  4 wights (D:7)
  Dowan (D:6)
  17 killer bees
  3 howler monkeys
  4 jellies
  6 centaur zombies (Ossuary)
  8 hounds
  7 orc priests
  A gnoll bouda (D:6)
  A sleepcap (D:7)
  2 iguanas
  10 orc wizards
  6 mummies (Ossuary)
  12 gnolls
  4 adders
  4 ufetubi
  4 worms
  3 dart slugs
  53 orcs
  A bat (D:1)
  7 endoplasms
  4 giant cockroaches
  10 goblins
  8 hobgoblins
  2 jackals (D:1)
  2 quokkas
  9 ball pythons
  7 frilled lizards
  3 hobgoblin zombies (Ossuary)
  13 kobolds
  A rat (D:1)
277 creatures vanquished.

Notes
Turn   | Place    | Note
-------+----------+-------------------------------------------
     0 | D:1      | grandjackal the Oni Gladiator began the quest for the Orb.
     0 | D:1      | Reached XP level 1. HP: 22/22 MP: 1/1
    83 | D:1      | Reached skill level 3 in Fighting
    83 | D:1      | Reached XP level 2. HP: 29/31 MP: 2/2
   682 | D:1      | Reached XP level 3. HP: 37/37 MP: 3/3
   908 | D:1      | Found a hide-covered altar of Uskayaw.
  1417 | D:2      | Reached XP level 4. HP: 44/48 MP: 4/4
  2054 | D:3      | Reached skill level 4 in Fighting
  2149 | D:3      | Reached XP level 5. HP: 54/55 MP: 5/5
  2351 | D:3      | Found a faded altar of an unknown god.
  2355 | D:3      | Found a glowing golden altar of the Shining One.
  2466 | D:3      | Found a runed translucent door.
  2467 | D:3      | Noticed Crazy Yiuf
  2923 | D:4      | Found a bloodstained altar of Trog.
  2933 | D:4      | Became a worshipper of Trog the Wrathful
  2934 | D:4      | Noticed a centaur
  2997 | D:4      | Found a burning altar of Makhleb.
  3016 | D:4      | Killed a centaur
  3017 | D:4      | Reached skill level 5 in Fighting
  3017 | D:4      | Reached XP level 6. HP: 63/66 MP: 6/6
  3216 | D:4      | Found a sand-covered staircase.
  3242 | Ossuary  | Entered an ossuary
  3256 | Ossuary  | Reached skill level 5 in Maces & Flails
  3256 | Ossuary  | Reached XP level 7. HP: 34/74 MP: 7/7
  3260 | Ossuary  | Reached skill level 6 in Fighting
  3270 | Ossuary  | Reached * piety under Trog
  3533 | D:4      | Reached skill level 5 in Throwing
  3804 | D:5      | Entered Level 5 of the Dungeon
  3814 | D:5      | Found a shimmering altar of Xom.
  3836 | D:5      | Reached skill level 7 in Fighting
  3958 | D:5      | Found a hide-covered altar of Uskayaw.
  3993 | D:5      | Reached XP level 8. HP: 82/87 MP: 8/8
  4437 | D:5      | Reached skill level 8 in Fighting
  4509 | D:5      | Noticed Edmund
  4517 | D:5      | Killed Edmund
  4706 | D:5      | Noticed Sigmund
  4721 | D:5      | Killed Sigmund
  4924 | D:5      | Reached XP level 9. HP: 50/97 MP: 9/9
  5099 | D:6      | Reached skill level 9 in Fighting
  5365 | D:6      | Reached ** piety under Trog
  5649 | D:6      | Reached skill level 10 in Fighting
  5667 | D:6      | Noticed Duvessa
  5667 | D:6      | Noticed Dowan
  5676 | D:6      | Killed Duvessa
  5690 | D:6      | Killed Dowan
  6249 | D:7      | Reached XP level 10. HP: 87/111 MP: 10/10
  6565 | D:6      | Reached skill level 11 in Fighting
  6568 | D:6      | Reached *** piety under Trog
  7011 | D:7      | Found a staircase to the Ecumenical Temple.
  7058 | D:7      | Found an ornate altar of the Wu Jian Council.
  7658 | D:8      | Found a sacrificial altar of Ru.
  9090 | D:9      | Found a shadowy altar of Dithmenos.
  9136 | D:9      | Noticed Erolcha
  9136 | D:9      | Noticed a two-headed ogre
  9145 | D:9      | Killed a two-headed ogre
  9146 | D:9      | Reached skill level 12 in Fighting
  9150 | D:9      | Killed Erolcha
  9321 | D:9      | Reached **** piety under Trog
  9322 | D:9      | Reached skill level 10 in Maces & Flails
  9322 | D:9      | Reached XP level 11. HP: 113/124 MP: 11/11
  9443 | D:9      | Found a shimmering blue altar of Sif Muna.
  9954 | D:10     | Entered Level 10 of the Dungeon
  9999 | D:10     | Found Lickorogg's Tremendous Tomes.
 10215 | D:10     | Found a flagged portal.
 10250 | Bailey   | Entered a bailey
 10493 | Bailey   | Found a large runed translucent door.
 10493 | Bailey   | Found a large runed translucent door.
 10504 | Bailey   | Noticed an orc knight
 10506 | Bailey   | Reached skill level 13 in Fighting
 10506 | Bailey   | Reached skill level 10 in Throwing
 10516 | Bailey   | Killed an orc knight
 10628 | Bailey   | Noticed a deep elf pyromancer
 10642 | Bailey   | Killed a deep elf pyromancer
 11427 | D:11     | Found a staircase to the Orcish Mines.
 11439 | D:11     | Noticed a cyclops
 11443 | D:11     | Noticed a manticore
 11447 | D:11     | Killed a cyclops
 11453 | D:11     | Killed a manticore
 11904 | D:11     | Noticed a two-headed ogre
 11909 | D:11     | HP: 5/128 [two-headed ogre/+0 giant club (20)]
 11909 | D:11     | Demolished by a two-headed ogre

Illustrated notes

Levels and vault maps discovered:
D:1:      dpeg_arrival_lava_altar, layout_basic, minmay_octomino_j4
D:2:      layout_loops_ring, eino_curves_04, small_statue_intersection
D:3:      layout_basic, nicolae_overflow_ecumenical_swirl, serial_curves,
          eino_curves_01, eino_curves_02, minmay_distorted,
          uniq_crazy_yiuf_cottage
D:4:      layout_rooms, mainiacjoe_overflow_small_starburst,
          mainiacjoe_overflow_tiny_flanked, nicolae_ossuary_entry_ruins,
          minmay_manual_mares
D:5:      layout_cave_pods, mainiacjoe_overflow_alcove_4,
          brannock_xom_greatest_gift, uniq_sigmund, uniq_edmund
D:6:      layout_basic, chequers_serial_rivers_micro_d, uniq_duvessa
D:7:      layout_rooms, nicolae_wu_jian_wuxing_cycle, temple_statues,
          kennysheep_another_room, serial_library_hellmonk_big_corner
D:8:      layout_basic, mainiacjoe_overflow_paths, billiards_dpeg
D:9:      layout_loops_corners, mainiacjoe_overflow_brackets,
          grunt_dithmenos_smoke_and_mirrors, serial_aquarium,
          aquarium_bridge_island_large [aquarium_subvault_large_water,
          aquarium_subvault_wall, aquarium_subvault_wall,
          aquarium_subvault_bridge, aquarium_subvault_window],
          aquarium_window_1, aquarium_window_corridor_3, aquarium_window_1,
          aquarium_window_2, aquarium_view_2e, aquarium_view_2d,
          aquarium_balcony_3a, uniq_erolcha
D:10:     layout_basic, enter_bailey_3, nicolae_shop_i_like_big_books,
          lemuel_flame_loot_1
D:11:     layout_basic, minmay_lair_entry_grove, minmay_orc_entry_temple_small

Skill      XL: |  1  2  3  4  5  6  7  8  9 10 11 |
---------------+----------------------------------+-----
Fighting       | 3 4 5 7 8 10 12 13 | 13.8
Dodging        | 3 |  3.0
Throwing       | 3 4 5 6 8 9 10 | 10.6
Maces & Flails | 4 5 7 8 10 | 10.9

Action                     |  1- 3 |  4- 6 |  7- 9 | 10-12 || total
---------------------------+-------+-------+-------+-------++-------
  Melee: Flail             |   115 |    51 |   116 |   245 ||   527
         Headbutt          |    14 |    14 |    30 |    44 ||   102
         Punch             |     3 |     1 |     1 |     6 ||    11
         Morningstar       |       |    32 |    63 |       ||    95
  Throw: Boomerang         |       |     7 |    10 |       ||    17
         Javelin           |       |     2 |       |     2 ||     4
         Large rock        |       |       |       |     1 ||     1
         Throwing net      |       |       |       |     1 ||     1
 Invoke: Berserk           |       |       |     1 |     8 ||     9
    Use: Potion            |     1 |     1 |     1 |     1 ||     4
         Scroll            |       |       |       |     9 ||     9
   Stab: Sleeping          |     1 |     2 |       |       ||     3
         Held in net/web   |       |       |       |     1 ||     1
 Armour: Robe              |    70 |    70 |   222 |   310 ||   672
  Dodge: Dodged            |    62 |    65 |   210 |   313 ||   650
         Repelled          |       |       |       |     4 ||     4

Table legend: (Time is in decaauts)
 A = Elapsed time spent in this place.
 B = Non-inter-level travel time spent in this place.
 C = Inter-level travel time spent in this place.
 D = Time resting spent in this place.
 E = Time spent auto-exploring this place.
 F = Levels seen in this place.
 G = Mean time per level.
                   A        B        C        D        E       F      G
               +--------+--------+--------+--------+--------+-----+--------+
         Total |  12218 |  11923 |    295 |   3433 |   6155 |  13 |  939.8 |
       Dungeon |  11404 |  11109 |    295 |   3000 |   6083 |  11 | 1036.7 |
       Ossuary |    254 |    254 |      0 |    148 |      0 |   1 |  254.0 |
        Bailey |    560 |    560 |      0 |    284 |     72 |   1 |  560.0 |
               +--------+--------+--------+--------+--------+-----+--------+

Top non-repeatable levels by time:
     D:6: 1617 daAuts
     D:5: 1301 daAuts
     D:9: 1287 daAuts
     D:3: 1129 daAuts
     D:7: 1091 daAuts
     D:8: 1030 daAuts
     D:1: 937 daAuts
     D:2: 931 daAuts
    D:10: 914 daAuts
     D:4: 606 daAuts
  Bailey: 560 daAuts
    D:11: 557 daAuts
 Ossuary: 254 daAuts
